 Dungeon Crawl Stone Soup version 0.31-a0-473-g61b50ae490 (webtiles) character file.

Game seed: 850111164150644451

245 LeprechaunX the Ruffian (level 6, 0/55 HPs)
             Began as an Octopode Shapeshifter on Aug 7, 2023.
             Was a Follower of Hepliaklqana.
             Slain by Pikel
             ... wielding a +1 whip of freezing
              (2 damage)
             ... on level 4 of the Dungeon.
             The game lasted 00:03:19 (2401 turns).

LeprechaunX the Ruffian (Octopode Shapeshifter)     Turns: 2401, Time: 00:03:19

Health: 0/55       AC: 23    Str: 16    XL:     6   Next: 10%
Magic:  6/6        EV:  2    Int: 10    God:    Hepliaklqana [*.....]
Gold:   149        SH:  0    Dex: 13    Spells: 5/5 levels left

rFire   . .          .
                       - Unarmed
rCold   . . .        (no shield)
rNeg    . . .        (helmet currently unavailable)
rPois   +            (no amulet)
rElec   .            (no ring)
rCorr   .            (no ring)
SInv    .            (no ring)
Will    .....        (no ring)
Stlth   +            (no ring)
HPRegen 0.29/turn    (no ring)
MPRegen 0.10/turn    (no ring)
                     (no ring)

%: no passive effects
@: tree-form
A: stationary, stasis, torment immunity, boosted hp, reduced essence, almost no
armour, (amphibious), 8 rings, (camouflage 1), (gelatinous body 1), (nimble
swimmer 1), (tentacles)
a: Renounce Religion, Recall Ancestor, Ancestor Identity


You were on level 4 of the Dungeon.
You worshipped Hepliaklqana.
Hepliaklqana was aware of your devotion.
You were a tree.
You visited 1 branch of the dungeon, and saw 4 of its levels.

You collected 149 gold pieces.

Inventory:

Missiles
 c - 7 boomerangs (quivered)
 q - 6 silver javelins
Talismans
 b - a beast talisman
 g - a serpent talisman
Wands
 k - a wand of iceblast (6)
Scrolls
 e - a scroll of brand weapon {unknown}
 f - 3 scrolls of identify {unknown}
 j - 3 scrolls of fog {unknown}
 l - a scroll of fear {unknown}
 m - 2 scrolls of revelation {unknown}
 n - a scroll of teleportation {unknown}
 p - a scroll of blinking {unknown}
 r - a scroll of poison {unknown}
Potions
 d - 2 potions of enlightenment {unknown}
 h - a potion of brilliance {unknown}
 i - 3 potions of curing {unknown}
 o - a potion of cancellation {unknown}
 s - 2 potions of heal wounds {unknown}


   Skills:
 - Level 3.0 Fighting
 - Level 3.0 Dodging
 + Level 4.3 Unarmed Combat
 + Level 4.0 Shapeshifting


You had 5 spell levels left.
You didn't know any spells.
Your spell library contained the following spells:

 Spells                   Type           Power      Damage    Failure   Level
 Lesser Beckoning         Tloc           0%         N/A       50%         2
 Gell's Gravitas          Tloc           0%         N/A       75%         3
 Teleport Other           Tloc           0%         N/A       75%         3


Dungeon Overview and Level Annotations

Branches:
Dungeon (4/15)
 Temple: D:4-7

Altars:
Hepliaklqana
Xom

Annotations:
D:4 Pikel


Innate Abilities, Weirdness & Mutations

You are a tree.
Your roots penetrate the ground, keeping you stationary.
You cannot be teleported.
You are immune to unholy pain and torment.
Your maximum health is greatly increased.
Your life essence is reduced to manifest your ancestor. (-10% HP)
You cannot wear most types of armour.
((You are amphibious.))
You can wear up to eight rings at the same time.
((Your skin changes colour to match your surroundings (Stealth+).))
((Your rubbery body absorbs attacks. (AC +1, EV +1)))
((You are camouflaged when in or above water. (Stealth+)))
((You have tentacles for arms and can constrict up to eight enemies at once.))


Message History

You tentacle-slap Pikel. Your grab misses Pikel. Your squeeze misses Pikel.
Pikel is lightly wounded.
Illuratum barely misses Pikel.
Pikel completely misses you.
A lemure comes into view.
You tentacle-slap Pikel but do no damage.
Your grab misses Pikel.
Pikel is lightly wounded.
Illuratum hits Pikel but does no damage.
Pikel hits you with a +1 whip of freezing!
Pikel freezes you.
* * * LOW HITPOINT WARNING * * *
Really quaff the potion of lignification?
Your transformation has ended.
You turn into a tree.
Your roots penetrate the ground.
Illuratum closely misses Pikel.
Pikel hits you but does no damage.
You completely miss Pikel.
Pikel is lightly wounded.
Illuratum hits Pikel but does no damage.
You closely miss Pikel.
Pikel is lightly wounded.
Pikel hits you but does no damage.
Illuratum hits Pikel but does no damage.
You hit Pikel.
Pikel is lightly wounded.
Pikel hits you with a +1 whip of freezing.
* * * LOW HITPOINT WARNING * * *
Pikel freezes you.
* * * LOW HITPOINT WARNING * * *
Illuratum hits Pikel.
You closely miss Pikel.
Pikel is lightly wounded.
Pikel hits you with a +1 whip of freezing.
* * * LOW HITPOINT WARNING * * *
Pikel freezes you.
* * * LOW HITPOINT WARNING * * *
Illuratum hits Pikel.
You hit Pikel.
Pikel is moderately wounded.
Pikel hits you with a +1 whip of freezing.
You die...

##.# ###.# .#
#.####.... ..
#....###.. #. ##..##
##. #. ##.## #.
#.### ##...#####.
##..####.##...##..
###R.......####.....
#### ##5K♣..#...##
###...
.....###55##..##..#
##..
#...5#####.....# ###
####.# ##....# ##.#
#...#.# #..#
#.###... # #..# #.#
..## #..##.5#####..#
... #...5K........
...


You could see the friendly Illuratum the ancestor, Pikel and 4 lemures.

Vanquished Creatures
  Blork the orc (D:4)
  An orc priest (D:3)
  5 adders
  3 gnolls (D:3)
  3 dart slugs
  5 orcs
  7 ball pythons
  4 bats
  3 endoplasms (D:1)
  2 giant cockroaches
  10 goblins
  7 hobgoblins
  7 kobolds
  A quokka (D:1)
  6 frilled lizards
  5 rats
  A butterfly (D:4)
71 creatures vanquished.

Notes
Turn   | Place    | Note
-------+----------+-------------------------------------------
     0 | D:1      | LeprechaunX the Octopode Shapeshifter began the quest for
                  | the Orb.
     0 | D:1      | Reached XP level 1. HP: 13/13 MP: 1/1
    40 | D:1      | Reached XP level 2. HP: 14/18 MP: 2/2
   164 | D:1      | Reached XP level 3. HP: 19/23 MP: 3/3
   819 | D:2      | Reached XP level 4. HP: 28/29 MP: 4/4
  1354 | D:3      | Found a hazy altar of Hepliaklqana.
  1428 | D:3      | Became a worshipper of Hepliaklqana the Forgotten
  1451 | D:3      | Reached XP level 5. HP: 35/35 MP: 5/5
  1843 | D:4      | Found a shimmering altar of Xom.
  2002 | D:4      | Reached * piety under Hepliaklqana
  2120 | D:4      | Noticed Blork the orc
  2129 | D:4      | Killed Blork the orc
  2130 | D:4      | Reached XP level 6. HP: 17/37 MP: 6/6
  2372 | D:4      | Noticed Pikel
  2400 | D:4      | HP: 2/55 [Pikel/+1 whip of freezing (2)]
  2401 | D:4      | Slain by Pikel

Illustrated notes

Levels and vault maps discovered:
D:1:      dpeg_arrival_tiny_c, layout_rooms
D:2:      layout_rooms
D:3:      layout_basic, overflow_temple_1_default
D:4:      layout_layer_cave, xom_butterflies,
          hellmonk_okawaru_the_only_friend_you_need, uniq_pikel, uniq_grinder,
          uniq_blork_the_orc, uniq_crazy_yiuf_cottage

Skill      XL: |  1  2  3  4  5 |
---------------+----------------+-----
Fighting       | 2 3 |  3.0
Dodging        | 3 |  3.0
Unarmed Combat | 4 |  4.3
Shapeshifting  | 4 |  4.0

Action                     |  1- 3 |  4- 6 || total
---------------------------+-------+-------++-------
  Melee: Unarmed           |    70 |    72 ||   142
         Constrict         |    24 |    21 ||    45
         Tentacles         |     9 |     8 ||    17
         Punch             |     1 |     1 ||     2
  Throw: Boomerang         |       |     5 ||     5
 Invoke: Recall Ancestor   |       |     1 ||     1
    Use: Potion            |       |     1 ||     1
   Stab: Sleeping          |     3 |     7 ||    10
 Armour: Skin              |     3 |     4 ||     7
  Dodge: Dodged            |    35 |    37 ||    72

Table legend: (Time is in decaauts)
 A = Elapsed time spent in this place.
 B = Non-inter-level travel time spent in this place.
 C = Inter-level travel time spent in this place.
 D = Time resting spent in this place.
 E = Time spent auto-exploring this place.
 F = Levels seen in this place.
 G = Mean time per level.
                   A        B        C        D        E       F      G
               +--------+--------+--------+--------+--------+-----+--------+
         Total |   2392 |   2328 |     64 |    171 |   1705 |   4 |  598.0 |
       Dungeon |   2392 |   2328 |     64 |    171 |   1705 |   4 |  598.0 |
               +--------+--------+--------+--------+--------+-----+--------+

Top non-repeatable levels by time:
     D:3: 808 daAuts
     D:4: 636 daAuts
     D:2: 495 daAuts
     D:1: 451 daAuts
